 Dungeon Crawl Stone Soup version 0.16.1-28-gcc2312f (webtiles) character file.

95 Kidiri the Conjurer (level 4, 0/34 HPs)
             Began as a Draconian Conjurer on May 29, 2015.
             Slain by Uberwunderbarhen's ghost (10 damage)
             ... on level 3 of the Dungeon.
             The game lasted 00:11:39 (2106 turns).

Kidiri the Conjurer (Draconian Conjurer)            Turns: 2106, Time: 00:11:39

Health: 0/34       AC:  5    Str: 10    XL:     4   Next: 40%
Magic:  1/8        EV: 12    Int: 21    God:
Gold:   112        SH:  0    Dex: 12    Spells: 3 memorised, 2 levels left

rFire  . . .     SeeInvis .     d - +2 dagger (elec)
rCold  . . .     Clarity  .     (armour unavailable)
rNeg   . . .     SustAb   .     (no shield)
rPois  .         Gourm    +     (helmet restricted)
rElec  .         Spirit   .     (no cloak)
rCorr  .         Warding  .     (no gloves)
rMut   .         Stasis   .     (no boots)
MR     .....                    e - amulet of the gourmand
Stlth  ++........               (no ring)
                                (no ring)

@: brilliant, not resistant to hostile enchantments, unstealthy
A: unfitting armour, cold-blooded, AC +5
a: no special abilities


You were on level 3 of the Dungeon.
You were not hungry.

You visited 1 branch of the dungeon, and saw 3 of its levels.

You collected 112 gold pieces.

Inventory:

Hand weapons
 d - a +2 dagger of electrocution (weapon)
Jewellery
 a - an uncursed amulet of clarity
 e - an amulet of the gourmand (around neck)
Scrolls
 i - a scroll of remove curse
 k - a scroll of noise {unknown}
Potions
 g - a potion of haste {unknown}
 h - a potion of brilliance
 l - a potion of curing
 n - a potion of agility {unknown}
Books
 c - a book of Conjurations

   Spells                             Type                      Level
   a - Magic Dart                     Conjuration                  1
   b - Searing Ray                    Conjuration                  2
   c - Dazzling Spray                 Conjuration/Hexes            3
   d - Fulminant Prism                Conjuration/Hexes            4
   e - Iskenderun's Mystic Blast      Conjuration                  4
   f - Iskenderun's Battlesphere      Conjuration/Charms           5
Comestibles
 b - 2 bread rations
 j - a meat ration
 m - 6 fruits
 o - a slice of pizza


   Skills:
 + Level 0.9 Fighting
 + Level 1.0 Short Blades
 + Level 2.2 Dodging
 + Level 2.5 Stealth
 * Level 2.6 Spellcasting
 * Level 4.6 Conjurations
 + Level 0.0 Hexes


You had 2 spell levels left.
You knew the following spells:

 Your Spells              Type           Power        Failure   Level  Hunger
a - Magic Dart            Conj           ####         1%          1    None
b - Searing Ray           Conj           ####..       1%          2    ##.....
c - Dazzling Spray        Conj/Hex       ####....     2%          3    ###....


Dungeon Overview and Level Annotations

Branches:
Dungeon (3/15)

Altars:
Fedhas

Annotations:
D:3 Uberwunderbarhen's ghost, average DsGl


Innate Abilities, Weirdness & Mutations

Your plain brown scales are hard (AC +5).
Your body does not fit into most forms of armour.
Your cold-blooded metabolism reacts poorly to cold.


Message History

* * * LOW HITPOINT WARNING * * *
Drink which item? (? for menu, Esc to quit)
It was a potion of brilliance.
You feel clever all of a sudden. Uberwunderbarhen's ghost hits you.
* * * LOW HITPOINT WARNING * * *
Casting: Magic Dart
Confirm with . or Enter, or press ? or * to list all spells.
Aiming: Magic Dart
Press: ? - help, Shift-Dir - straight line, f/p - Uberwunderbarhen's ghost
Aim: Uberwunderbarhen's ghost (severely damaged)
The magic dart hits Uberwunderbarhen's ghost.
Uberwunderbarhen's ghost is severely damaged.
Uberwunderbarhen's ghost hits you.
* * * LOW HITPOINT WARNING * * *
Drink which item? (? for menu, Esc to quit)
It was a potion of curing.
You feel better. Uberwunderbarhen's ghost stares at you.
Uberwunderbarhen's ghost hits you!
You die...

≈............##......
≈≈P≈.P................ ..
♣♣≈PP≈P.............## .....
P≈≈≈♣≈PPP....(.......## ......
PPP♣♣≈≈≈PP............## ......#
P.PP♣♣≈≈≈.###..........# ......#
##P ♣≈≈≈≈P..##..........#
......##.PPP♣≈≈≈PP..##....##....#
.....≈≈PP≈≈♣≈≈PP@≈...#....##.####
.....≈P≈≈≈♣PPP.W##...#.......# #
.##.P≈≈♣≈PP≈≈##.##...#.##.#######
.##.≈PPP.PP..##..†##...##.###....
...P≈P≈P.....##..................
...PP≈P.....#####.....>##........
.....(......#...#.#..............
.##.........#.#.#.#.......######.
.##.........#.#.#.#.......# #.


You could see Uberwunderbarhen's ghost.

Vanquished Creatures
  Ijyb (D:2)
  Robin (D:2)
  An adder (D:2)
  2 worms
  6 bats
  12 goblins
  2 hobgoblins (D:2)
  3 kobolds
  3 quokkas
  2 giant cockroaches
  3 giant geckos
  A giant newt (D:3)
  2 jackals (D:2)
  7 rats
46 creatures vanquished.

Notes
Turn   | Place    | Note
--------------------------------------------------------------
     0 | D:1      | Kidiri, the Draconian Conjurer, began the quest for the Orb.
     0 | D:1      | Reached XP level 1. HP: 14/14 MP: 3/3
   711 | D:2      | Reached XP level 2. HP: 20/20 MP: 1/4
   758 | D:2      | Learned a level 2 spell: Searing Ray
   809 | D:2      | Reached XP level 3. HP: 27/27 MP: 0/6
   814 | D:2      | Learned a level 3 spell: Dazzling Spray
   911 | D:2      | Found a blossoming altar of Fedhas.
   912 | D:2      | Noticed Ijyb
   941 | D:2      | Killed Ijyb
  1203 | D:2      | Noticed Robin
  1248 | D:2      | Killed Robin
  1248 | D:2      | Reached skill level 1 in Short Blades
  1248 | D:2      | Reached XP level 4. HP: 11/34 MP: 0/8
  2050 | D:3      | Noticed Uberwunderbarhen's ghost (average DsGl)
  2106 | D:3      | Slain by Uberwunderbarhen's ghost

Action                   |  1- 3 |  4- 6 || total
-------------------------+-------+-------++-------
Melee: Dagger            |    65 |    11 ||    76
 Cast: Magic Dart        |    27 |    32 ||    59
       Searing Ray       |     3 |     1 ||     4
       Dazzling Spray    |       |     1 ||     1
  Use: Scroll            |     3 |       ||     3
       Potion            |     1 |     4 ||     5
 Stab: Sleeping          |     2 |       ||     2
  Eat: Chunk             |     1 |     4 ||     5
